 Dungeon Crawl Stone Soup version 0.32-a0-818-gb728d0252e (webtiles) character file.

Game seed: 8358155234807847056

22 smashvw the Magician (level 3, -3/25 HPs)
             Began as a Djinni Ice Elementalist on Mar 23, 2024.
             Slain by a quokka (4 damage)
             ... on level 1 of the Dungeon.
             The game lasted 00:02:35 (966 turns).

smashvw the Magician (Djinni Ice Elementalist)       Turns: 966, Time: 00:02:35

Health: -3/25      AC:  3    Str:  7    XL:     3   Next: 7%
Gold:   25         EV: 11    Int: 18    God:
                   SH:  0    Dex: 19

rFire   + + .        f - +2 dagger (drain)
rCold   x . .        (no shield)
rNeg    . . .        a - +0 robe
rPois   ∞            (no helmet)
rElec   .            g - +0 cloak
rCorr   .            (no gloves)
SInv    .            (boots unavailable)
Will    .....        (no amulet)
Stlth   ++           h - +6 ring of dexterity
HPRegen 0.24/turn    (no ring)
MPRegen 0.00/turn

%: infuse magic (-4 HP)
@: flying, very slightly contaminated
A: sickness immunity, fire resistance 2, cold vulnerability 1, float, innate
caster, HP casting, extra vitality 1
a: no special abilities


You were on level 1 of the Dungeon.
You visited 1 branch of the dungeon, and saw 2 of its levels.

You collected 25 gold pieces.

Inventory:

Hand Weapons
 f - a +2 dagger of draining (weapon)
Armour
 a - a +0 robe (worn)
 g - a +0 cloak (worn)
Jewellery
 h - a +6 ring of dexterity (left hand)
Scrolls
 b - 2 scrolls of immolation {unknown}
 d - a scroll of enchant armour {unknown}
 e - a scroll of identify {unknown}
Potions
 c - 2 potions of haste {unknown}
 i - a potion of heal wounds {unknown}


   Skills:
 - Level 2.1 Dodging
 - Level 1.5 Stealth
 + Level 4.1 Spellcasting
 + Level 4.1 Conjurations
 + Level 4.1 Hexes
 + Level 4.1 Summonings
 + Level 4.1 Necromancy
 + Level 4.1 Translocations
 + Level 4.1 Fire Magic
 + Level 4.1 Ice Magic
 + Level 4.1 Air Magic
 + Level 4.1 Earth Magic
 + Level 4.1 Alchemy


You knew the following spells:

 Your Spells              Type           Power      Damage    Failure   Level
a - Freeze                Ice            72%        1d8       2%          1
b - Frozen Ramparts       Ice            36%        1d6       8%          3
c - Ozocubu's Armour      Ice            18%        N/A       8%          3
d - Summon Ice Beast      Ice/Summ       18%        N/A       8%          3
e - Foxfire               Conj/Fire      72%        2x1d7     2%          1
Your spell library was empty.

Dungeon Overview and Level Annotations

Branches:
Dungeon (2/15)

Altars:


Innate Abilities, Weirdness & Mutations

You are immune to sickness and miasma.
You are immune to poison.
Your flesh is very heat resistant. (rF++)
You are vulnerable to cold. (rC-)
You float through the air rather than walking.
You learn spells naturally, not from books.
Your magical power is your life essence.
You have superior vitality. (+4 MHP)


Message History

The quokka bites you but does no damage.
The quokka closely misses you. The bat misses you.
The quokka attacks as it pursues you! The quokka barely misses you.
The hobgoblin attacks as it pursues you!
The hobgoblin hits you. The bat barely misses you.
There is a stone staircase leading down here.
The bat barely misses you.
There is a stone staircase leading up here.
The quokka bites you. The bat hits you. The hobgoblin hits you.
* * * LOW HITPOINT WARNING * * *
You fly upwards.
There is a stone staircase leading down here.
You hit the hobgoblin. You drain the hobgoblin.
The hobgoblin is almost dead.
The quokka closely misses you. The hobgoblin misses you.
You barely miss the hobgoblin.
The hobgoblin is almost dead.
The quokka misses you. The hobgoblin closely misses you. The quokka bites you.
* * * LOW HITPOINT WARNING * * *
You hit the hobgoblin but do no damage. You drain the hobgoblin.
You kill the hobgoblin!
The quokka closely misses you.
You are too injured to fight recklessly!
Unknown command.
Casting: Freeze (safe; 2% risk of failure)
Confirm with . or Enter, or press ? or * to list all spells.
You miscast Summon Ice Beast.
You are very lightly contaminated with residual magic.
Nothing appears to happen.
* * * LOW HITPOINT WARNING * * *
The quokka barely misses you.
Casting: Summon Ice Beast (quite dangerous; 8% risk of failure)
Confirm with . or Enter, or press ? or * to list all spells.
A chill wind blows around you.
* * * LOW HITPOINT WARNING * * *
The quokka closely misses you. The quokka bites you.
You die...

....# #....................#
.#### #.......############## .#
#..÷....# ### ### .#### #.......#
####.###)### ....#
#.......#####...#.#_#.#. .##.#
#.............####.###.# .)..#
#................### ###
....########...rY....#####.#
...........#...>@....# #.######
.#'#######.#.#.......# #.......
##.#### #.#.#.......# ########
.#.#..## #.#.#.......# # .#.#.#.#
#.#.##......####### # #...#..#
#.#...............# #
.....#####.###############.######
..<.....'.....###........#.#.....
.....####.........########.#.####


You could see a quokka (ally target) and a friendly ice beast (summoned).

Vanquished Creatures
  2 ball pythons
  2 endoplasms (D:1)
  A giant cockroach (D:1)
  3 goblins (D:1)
  2 hobgoblins (D:1)
  2 kobolds (D:1)
  2 quokkas (D:1)
  2 bats (D:1)
  A frilled lizard (D:1)
  2 rats (D:1)
19 creatures vanquished.

Notes
Turn   | Place    | Note
-------+----------+-------------------------------------------
     0 | D:1      | smashvw the Djinni Ice Elementalist began the quest for the
                  | Orb.
     0 | D:1      | smashvw set off with the following spells memorised:
                  | Freeze, Frozen Ramparts, Ozocubu's Armour, Summon Ice
                  | Beast.
     0 | D:1      | Reached XP level 1. HP: 15/15 MP: 0/0
   310 | D:1      | Reached XP level 2. HP: 18/21 MP: 0/0
   779 | D:1      | Found a faded altar of an unknown god.
   952 | D:2      | Reached XP level 3. HP: 21/25 MP: 0/0
   952 | D:2      | Learned a level 1 spell: Foxfire
   966 | D:1      | Slain by a quokka

Illustrated notes

Levels and vault maps discovered:
D:1:      nzn_arrival_crosshair, layout_basic, chequers_ecumenical_altar_twisty
D:2:      minmay_recursive_quarters, layout_rooms

Skill      XL: |  1  2 |
---------------+-------+-----
Spellcasting   | 4 |  4.1
Conjurations   | 4 |  4.1
Hexes          | 4 |  4.1
Summonings     | 4 |  4.1
Necromancy     | 4 |  4.1
Translocations | 4 |  4.1
Fire Magic     | 4 |  4.1
Ice Magic      | 4 |  4.1
Air Magic      | 4 |  4.1
Earth Magic    | 4 |  4.1
Alchemy        | 4 |  4.1
Dodging        | |  2.1
Stealth        | |  1.5

Action                     || total
---------------------------++-------
  Melee: Unarmed           ||     5
         Dagger            ||    27
   Cast: Freeze            ||    12
         Summon Ice Beast  ||     1
   Stab: Sleeping          ||     4
 Armour: Robe              ||    32
  Dodge: Dodged            ||    33

Table legend: (Time is in decaauts)
 A = Elapsed time spent in this place.
 B = Non-inter-level travel time spent in this place.
 C = Inter-level travel time spent in this place.
 D = Time resting spent in this place.
 E = Time spent auto-exploring this place.
 F = Levels seen in this place.
 G = Mean time per level.
                   A        B        C        D        E       F      G
               +--------+--------+--------+--------+--------+-----+--------+
         Total |    965 |    901 |     64 |      0 |    751 |   2 |  482.5 |
       Dungeon |    965 |    901 |     64 |      0 |    751 |   2 |  482.5 |
               +--------+--------+--------+--------+--------+-----+--------+

Top non-repeatable levels by time:
     D:1: 949 daAuts
     D:2: 15 daAuts
